[Event "Titled Tuesday Blitz May 30 Late 2023"]
[White "Gubajdullin, Alexei"]
[Black "Pranav, V"]
[WhiteFideId "4141202"]
[BlackFideId "25060783"]
[WhiteElo "2279"]
[BlackElo "2515"]
[Result "1/2-1/2"]
[Round "02"]
[TimeControl "180+2"]
[Date "2023.05.31"]
[WhiteClock "0:00:06"]
[BlackClock "0:00:01"]

1. d4 Nf6 2. Nf3 g6 3. Bf4 Bg7 4. e3 O-O 5. Be2 d6 6. O-O Nfd7 7. h3 e5 8. Bh2 Nc6 9. c4 exd4 10. exd4 Qf6 11. Nc3 Nxd4 12. Nxd4 Qxd4 13. Qxd4 Bxd4 14. Nd5 Bb6 15. a4 a5 16. Nxb6 Nxb6 17. c5 dxc5 18. Bxc7 Nd5 19. Bd6 Re8 20. Bf3 Be6 21. Bxc5 Rac8 22. Bd4 Rc4 23. Rfd1 Nb4 24. Bc3 Rc7 25. Rd6 Bd7 26. Bxb4 axb4 27. Rb6 Bc8 28. Rxb4 Kg7 29. a5 Rd8 30. Rb6 Rd2 31. b4 Rb2 32. h4 Rcc2 33. Rf1 Rc7 34. g3 Bh3 35. Bg2 Bc8 36. Re1 Rcc2 37. Rf1 Rc7 38. Be4 Re7 39. Bf3 Rc7 40. Kg2 h5 41. Be4 Re7 42. Re1 Rc7 43. Rb1 Ra2 44. Rb3 Re7 45. Bf3 Rc7 46. Rb1 Rcc2 47. Rf1 Rc7 48. Bd5 Rd2 49. Bf3 Rb2 50. b5 Ra2 51. Re1 Rxa5 52. Re2 Ra3 53. Rb2 Rac3 54. Rd6 Rc1 55. b6 Re7 56. Rdd2 Bf5 57. Re2 Rd7 58. Be4 Bg4 59. Bf3 Be6 60. Red2 Rxd2 61. Rxd2 Rb1 62. Rd6 Bc8 63. Rd8 Be6 64. Rd6 Bc8 65. Rd8 Bf5 66. Rd6 Bc8 1/2-1/2


[Site "https://www.chess.com"]

[Event "Titled Tuesday Blitz May 30 Late 2023"]
[White "Bok, Benjamin"]
[Black "Adewumi, Tanitoluwa"]
[WhiteFideId "1017063"]
[BlackFideId "30966396"]
[WhiteElo "2657"]
[BlackElo "2600"]
[Result "1-0"]
[Round "02"]
[TimeControl "180+2"]
[Date "2023.05.31"]
[WhiteClock "0:01:45"]
[BlackClock "0:01:25"]

1. d4 Nf6 2. c4 e6 3. Nc3 Bb4 4. Qc2 O-O 5. a3 Bxc3+ 6. Qxc3 b6 7. Bg5 Bb7 8. e3 h6 9. Bh4 d6 10. f3 c5 11. Bd3 Nc6 12. dxc5 bxc5 13. O-O-O Rc8 14. Nh3 Ne5 15. Nf2 Nxd3+ 16. Rxd3 Qe7 17. Ng4 e5 18. Bxf6 gxf6 19. Nxh6+ Kh7 20. Nf5 Qe6 21. e4 1-0


[Site "https://www.chess.com"]

[Event "Titled Tuesday Blitz May 30 Late 2023"]
[White "brm72"]
[Black "Sjugirov, Sanan"]
[BlackFideId "4189302"]
[WhiteElo "2599"]
[BlackElo "2569"]
[Result "0-1"]
[Round "02"]
[TimeControl "180+2"]
[Date "2023.05.31"]
[WhiteClock "0:00:08"]
[BlackClock "0:00:48"]

1. e4 c5 2. Nf3 d6 3. d4 cxd4 4. Nxd4 Nf6 5. Nc3 a6 6. Be2 e5 7. Nb3 Be7 8. O-O O-O 9. Re1 Be6 10. Bf3 Nbd7 11. a4 Qc7 12. a5 Rac8 13. Nd2 Nb8 14. Nf1 Nc6 15. Bd2 Nxa5 16. Nd5 Bxd5 17. Bxa5 b6 18. exd5 bxa5 19. c3 Qb6 20. Ra2 g6 21. Qa4 Bd8 22. Nd2 Qb5 23. g3 Bb6 24. Kg2 Rfe8 25. h4 h5 26. c4 Qc5 27. Re2 e4 28. Nxe4 Nxe4 29. Bxe4 Rxe4 30. Rxe4 Qxf2+ 31. Kh3 Qf1+ 32. Kh2 Bg1+ 0-1


[Site "https://www.chess.com"]

[Event "Titled Tuesday Blitz May 30 Late 2023"]
[White "Deac, Bogdan-Daniel"]
[Black "Kavutskiy, Konstantin"]
[WhiteFideId "1226380"]
[BlackFideId "2026384"]
[WhiteElo "2649"]
[BlackElo "2323"]
[Result "1-0"]
[Round "02"]
[TimeControl "180+2"]
[Date "2023.05.31"]
[WhiteClock "0:00:03"]
[BlackClock "0:00:28"]

1. g3 Nf6 2. Bg2 g6 3. d3 Bg7 4. Nd2 O-O 5. Nh3 d5 6. O-O c5 7. e4 Nc6 8. f3 e5 9. a4 h6 10. c3 b6 11. Nf2 Be6 12. f4 dxe4 13. dxe4 Qc7 14. f5 gxf5 15. exf5 Bxf5 16. Nfe4 Nxe4 17. Rxf5 Nxd2 18. Bxd2 Rad8 19. Qe2 Ne7 20. Rh5 Qd6 21. Be3 f5 22. Rf1 Qg6 23. Bc1 Kh7 24. Bg5 Rd7 25. Bxe7 Rxe7 26. Rhxf5 Rxf5 27. Rxf5 Qd6 28. Be4 Kh8 29. Qf3 Re8 30. Rf7 Qe6 31. Rxa7 Rf8 32. Qe2 Qh3 33. Rb7 h5 34. Rxb6 h4 35. Qh5+ Kg8 36. Bd5+ 1-0


[Site "https://www.chess.com"]

[Event "Titled Tuesday Blitz May 30 Late 2023"]
[White "Adla, Diego"]
[Black "Svane, Rasmus"]
[WhiteFideId "100072"]
[BlackFideId "4657101"]
[WhiteElo "2377"]
[BlackElo "2601"]
[Result "0-1"]
[Round "02"]
[TimeControl "180+2"]
[Date "2023.05.31"]
[WhiteClock "0:00:29"]
[BlackClock "0:00:11"]

1. c4 Nf6 2. Nc3 e5 3. Nf3 Nc6 4. e4 Bb4 5. d3 d6 6. Be2 a5 7. O-O Bc5 8. Nd2 Nd4 9. Nb3 Nxb3 10. axb3 O-O 11. Kh1 h6 12. f4 c6 13. f5 d5 14. Qe1 dxe4 15. dxe4 Bd4 16. Bf3 Nh7 17. Ne2 Bc5 18. Nc3 Bd7 19. Be3 Qe7 20. Na4 Bxe3 21. Qxe3 Rfd8 22. Nb6 Ra6 23. c5 Nf6 24. Be2 Ra7 25. Bc4 Be8 26. b4 Rd4 27. b3 Rxe4 28. Qc1 Qd8 29. bxa5 Qd4 30. b4 Kh7 31. Qd1 Qc3 32. Qc1 Qxb4 33. Bd3 Rd4 34. Ra4 Qxa4 35. Nxa4 Rxa4 36. Qc3 e4 37. Bc2 R4xa5 38. Qd4 Ra2 39. Bb1 Re2 40. Kg1 Ra3 41. h3 Rb3 0-1


[Site "https://www.chess.com"]

[Event "Titled Tuesday Blitz May 30 Late 2023"]
[White "Bitoon, Richard"]
[Black "Kevlishvili, Robby"]
[WhiteFideId "5201110"]
[BlackFideId "1040634"]
[WhiteElo "2374"]
[BlackElo "2572"]
[Result "0-1"]
[Round "02"]
[TimeControl "180+2"]
[Date "2023.05.31"]
[WhiteClock "0:00:01"]
[BlackClock "0:00:23"]

1. e4 c5 2. c3 g6 3. d4 cxd4 4. cxd4 d5 5. e5 Bg7 6. Nc3 Nc6 7. h3 f6 8. f4 Nh6 9. g4 Nf7 10. Bg2 e6 11. Nf3 O-O 12. O-O fxe5 13. fxe5 b6 14. Be3 Ba6 15. Rf2 Rc8 16. Qd2 Qe7 17. Ne2 Qb4 18. Nf4 Qxd2 19. Bxd2 Rfe8 20. Bf1 Bxf1 21. Raxf1 Na5 22. Bxa5 bxa5 23. Nd3 Bf8 24. Nd2 Ng5 25. Kg2 Ne4 26. Nxe4 dxe4 27. Ne1 Rc4 28. Rd2 Bh6 29. Rd1 Be3 30. b3 Rxd4 31. Nc2 Rxd1 32. Rxd1 Bf4 33. Re1 Rc8 34. Nd4 Bxe5 35. Nxe6 Rc2+ 36. Kg1 Rc6 37. Ng5 e3 38. Nf3 Bf4 39. Re2 Rc1+ 40. Kg2 Kf7 41. Nd4 Kf6 42. Nc2 a6 43. Kf3 Rf1+ 44. Ke4 Rf2 45. Kd3 Rxe2 46. Kxe2 Ke5 47. Nxe3 Kd4 48. Nc4 a4 49. Kf3 Bc1 50. Nb6 a3 51. Ke2 Kc3 52. Kd1 Kb2 53. Nc4+ Kb1 54. Nd2+ Bxd2 55. Kxd2 Kxa2 56. Kc2 g5 57. b4 h6 58. Kc3 Kb1 0-1


[Site "https://www.chess.com"]

[Event "Titled Tuesday Blitz May 30 Late 2023"]
[White "Babazada, Khazar"]
[Black "Prado Lobo, Jonas"]
[WhiteFideId "13413554"]
[BlackFideId "32050666"]
[WhiteElo "2351"]
[BlackElo "2322"]
[Result "1-0"]
[Round "02"]
[TimeControl "180+2"]
[Date "2023.05.31"]
[WhiteClock "0:00:39"]
[BlackClock "0:00:02"]

1. Nf3 Nf6 2. c4 c6 3. e3 d5 4. d4 g6 5. Nc3 Bg7 6. Be2 O-O 7. O-O b6 8. cxd5 Nxd5 9. e4 Nxc3 10. bxc3 Bb7 11. Be3 c5 12. Qc2 cxd4 13. cxd4 Qc8 14. Qd3 Ba6 15. Qd1 Bxe2 16. Qxe2 Qa6 17. Qd2 Nc6 18. Rac1 Rac8 19. d5 Ne5 20. Nxe5 Bxe5 21. f4 Bg7 22. e5 Rfd8 23. h3 f6 24. Qd4 Qb7 25. Rxc8 Qxc8 26. e6 f5 27. Qd2 Qc4 28. Rd1 Qe4 29. Qd3 Qa4 30. Rd2 h6 31. Kh2 Qa5 32. Qc4 Bf6 33. Qc7 Rxd5 34. Qc8+ Kh7 35. Rc2 Qa3 36. Bc1 Qa4 37. Rc4 Rc5 38. Qxc5 bxc5 39. Rxa4 1-0


[Site "https://www.chess.com"]

[Event "Titled Tuesday Blitz May 30 Late 2023"]
[White "koncheto"]
[Black "Henriquez Villagra, Cristobal"]
[BlackFideId "3409350"]
[WhiteElo "2596"]
[BlackElo "2542"]
[Result "0-1"]
[Round "02"]
[TimeControl "180+2"]
[Date "2023.05.31"]
[WhiteClock "0:00:02"]
[BlackClock "0:01:18"]

1. e4 d6 2. d4 Nf6 3. Bd3 Nbd7 4. f4 e5 5. c3 Be7 6. Nf3 O-O 7. O-O exd4 8. cxd4 d5 9. e5 Ne4 10. Nc3 Nxc3 11. bxc3 f5 12. exf6 Nxf6 13. Ne5 c5 14. Be3 b6 15. Qf3 Bb7 16. Rae1 Qc7 17. Qh3 Bc8 18. g4 Bd6 19. Qh4 a5 20. Rf3 Ba6 21. c4 Bxe5 22. fxe5 Ne4 23. Bxe4 dxe4 24. Rxf8+ Rxf8 25. dxc5 bxc5 26. Qg5 Bxc4 27. Bf4 Qf7 28. Rxe4 Bd3 29. Ra4 c4 0-1


[Site "https://www.chess.com"]

[Event "Titled Tuesday Blitz May 30 Late 2023"]
[White "Rasulov, Vugar"]
[Black "Grinev, Valeriy"]
[WhiteFideId "13402390"]
[BlackFideId "14117517"]
[WhiteElo "2509"]
[BlackElo "2366"]
[Result "1-0"]
[Round "02"]
[TimeControl "180+2"]
[Date "2023.05.31"]
[WhiteClock "0:00:33"]
[BlackClock "0:00:19"]

1. e4 c5 2. Nf3 e6 3. d4 cxd4 4. Nxd4 a6 5. Nc3 Qc7 6. f4 b5 7. Be2 Bb7 8. Bf3 Nf6 9. e5 b4 10. Ncb5 axb5 11. exf6 gxf6 12. Be3 Bxf3 13. Qxf3 Nc6 14. O-O Rb8 15. Rad1 Bg7 16. Nb3 d6 17. Rd3 O-O 18. Bd2 f5 19. Qh5 Qe7 20. Rg3 Qf6 21. c3 Kh8 22. cxb4 Qh6 23. Qxh6 Bxh6 24. Bc3+ f6 25. Rd3 d5 26. Nc5 d4 27. Bxd4 e5 28. fxe5 fxe5 29. Bc3 Bg7 30. Nd7 Rbd8 31. Rd6 Nd4 32. Rd5 Ne2+ 33. Kf2 Nxc3 34. bxc3 e4 35. Rfd1 Rf7 36. Ne5 Rxd5 37. Nxf7+ Kg8 38. Rxd5 Kxf7 39. Rxf5+ Ke6 40. Rxb5 Bxc3 41. Ke3 Be1 42. Kxe4 1-0


[Site "https://www.chess.com"]

[Event "Titled Tuesday Blitz May 30 Late 2023"]
[White "Fiorito, Francisco"]
[Black "Kamsky, Gata"]
[WhiteFideId "180165"]
[BlackFideId "2000024"]
[WhiteElo "2341"]
[BlackElo "2660"]
[Result "0-1"]
[Round "02"]
[TimeControl "180+2"]
[Date "2023.05.31"]
[WhiteClock "0:00:09"]
[BlackClock "0:00:14"]

1. d4 d5 2. Nc3 Bf5 3. Bf4 e6 4. e3 Bd6 5. Nf3 Bxf4 6. exf4 Ne7 7. Bd3 Qd6 8. g3 Bg4 9. h3 Bxf3 10. Qxf3 a6 11. Qe3 Nbc6 12. a3 Na5 13. O-O O-O 14. b4 Nc4 15. Bxc4 dxc4 16. Ne4 Qd5 17. c3 a5 18. Nd2 b5 19. h4 h5 20. Ne4 Qf5 21. Qe2 Nd5 22. Qf3 Ra7 23. Nc5 Rfa8 24. Rac1 axb4 25. axb4 Ra3 26. Rfe1 Qg4 27. Qxg4 hxg4 28. Ne4 g6 29. Rc2 Ra1 30. Rxa1 Rxa1+ 31. Kg2 Ra3 32. Rc1 Kf8 33. Kf1 Ke7 34. Kg2 f5 35. Nc5 Rxc3 36. Re1 Nxb4 37. Re5 Nd3 38. Rxe6+ Kf7 39. Rc6 Nxc5 40. Rxc7+ Ke6 41. dxc5 b4 42. Rg7 Ra3 43. Rxg6+ Kd5 44. c6 Ra7 45. h5 b3 46. h6 Rh7 47. c7 Rxc7 48. Rg7 Rc6 49. h7 Rh6 50. Rb7 Kd4 51. Kf1 Kc3 52. Ke2 Kc2 53. Ke3 c3 54. Kd4 b2 55. Ke5 b1=Q 56. Rxb1 Kxb1 57. Kxf5 c2 0-1


[Site "https://www.chess.com"]

[Event "Titled Tuesday Blitz May 30 Late 2023"]
[White "Hakobyan, Aram"]
[Black "Pinheiro, Iung Alicio de O."]
[WhiteFideId "13306677"]
[BlackFideId "2104350"]
[WhiteElo "2584"]
[BlackElo "2283"]
[Result "1-0"]
[Round "02"]
[TimeControl "180+2"]
[Date "2023.05.31"]
[WhiteClock "0:00:14"]
[BlackClock "0:00:02"]

1. d4 Nf6 2. c4 Nc6 3. Nf3 e6 4. a3 d6 5. Nc3 g6 6. e4 Bg7 7. Be2 O-O 8. Bg5 h6 9. Be3 Ng4 10. Bd2 e5 11. d5 Nd4 12. Nxd4 exd4 13. Bxg4 dxc3 14. Bxc3 Bxc3+ 15. bxc3 Qh4 16. Bf3 Re8 17. O-O b6 18. Qd4 Bd7 19. Rfe1 Qf4 20. Re3 Re5 21. Rae1 Rae8 22. g3 Qf6 23. Bg2 g5 24. Rf1 g4 25. f4 gxf3 26. Rexf3 Qg7 27. Rf4 R8e7 28. Bf3 Rg5 29. Rf2 Qe5 30. Bg2 Kg7 31. R2f3 Bg4 32. Re3 Rg6 33. Re1 Bd7 34. Ref1 Rg5 35. Kh1 a5 36. Rh4 Bg4 37. Rf4 h5 38. Rf2 Kg6 39. Bf3 Bd7 40. Rf4 Kg7 41. Kg2 Kg6 42. h4 Qxf4 43. Bxh5+ Kxh5 44. Rxf4 Rge5 45. Qf2 Kg6 46. Qf3 Kg7 47. h5 f5 48. exf5 Re2+ 49. Kh3 Kh6 50. Rg4 R7e3 51. Qf4+ Kh7 52. Qg5 1-0


[Site "https://www.chess.com"]

[Event "Titled Tuesday Blitz May 30 Late 2023"]
[White "Omranalhosani21"]
[Black "Makarian, Rudik"]
[BlackFideId "44105681"]
[WhiteElo "2592"]
[BlackElo "2461"]
[Result "0-1"]
[Round "02"]
[TimeControl "180+2"]
[Date "2023.05.31"]
[WhiteClock "0:00:02"]
[BlackClock "0:01:10"]

1. e4 c5 2. Nf3 Nc6 3. Bd3 e6 4. O-O Be7 5. c3 d5 6. Re1 Nf6 7. e5 Nd7 8. Bc2 c4 9. d4 cxd3 10. Qxd3 g5 11. c4 g4 12. Nd4 Ndxe5 13. Qd1 Nxc4 14. Qxg4 Bf6 15. Nxc6 bxc6 16. Nc3 h5 17. Qf3 Rb8 18. b3 Ne5 19. Qd1 h4 20. h3 Rg8 21. Bb2 Ba6 22. Na4 Nd7 23. Bxf6 Qxf6 24. Qh5 Ke7 25. Rad1 Rg5 26. Qh7 Rh8 27. Rxe6+ Kxe6 28. Re1+ Kd6 0-1


[Site "https://www.chess.com"]

[Event "Titled Tuesday Blitz May 30 Late 2023"]
[White "Muradli, Mahammad"]
[Black "Wadsworth, Matthew J"]
[WhiteFideId "13409301"]
[BlackFideId "415804"]
[WhiteElo "2558"]
[BlackElo "2347"]
[Result "1-0"]
[Round "02"]
[TimeControl "180+2"]
[Date "2023.05.31"]
[WhiteClock "0:00:26"]
[BlackClock "0:00:06"]

1. Nf3 d5 2. d4 Nf6 3. c4 c6 4. e3 Bf5 5. Nc3 a6 6. Bd3 Bxd3 7. Qxd3 dxc4 8. Qxc4 e6 9. O-O Be7 10. e4 b5 11. Qe2 O-O 12. Rd1 Nbd7 13. Bf4 Qb6 14. a4 Rfd8 15. Rac1 b4 16. Nb1 c5 17. d5 exd5 18. exd5 Bd6 19. Bg5 Re8 20. Qd3 h6 21. Bxf6 Nxf6 22. Nbd2 Bf4 23. Nc4 Qd8 24. Rb1 Ra7 25. g3 Bd6 26. Re1 Rae7 27. Rxe7 Rxe7 28. Ne3 Rd7 29. Qxa6 Bf8 30. Ne5 Rxd5 31. Nxd5 Qxd5 32. Re1 Ne4 33. Qc4 Qxe5 34. Rxe4 Qxb2 35. Rf4 Qb1+ 36. Kg2 Qg6 37. a5 Bd6 38. Rf3 Qe6 39. Qxe6 fxe6 40. a6 Bb8 41. Kf1 c4 42. Rf4 Bxf4 43. a7 c3 44. a8=Q+ Kh7 45. Qe4+ 1-0


[Site "https://www.chess.com"]

[Event "Titled Tuesday Blitz May 30 Late 2023"]
[White "Nasir, Zehn"]
[Black "Zakhartsov, Vladimir"]
[WhiteFideId "2613239"]
[BlackFideId "4145097"]
[WhiteElo "1993"]
[BlackElo "2495"]
[Result "1/2-1/2"]
[Round "02"]
[TimeControl "180+2"]
[Date "2023.05.31"]
[WhiteClock "0:00:07"]
[BlackClock "0:00:06"]

1. d4 Nf6 2. Bf4 d6 3. Nf3 g6 4. Nc3 a6 5. e4 b5 6. a3 Bb7 7. Bd3 Bg7 8. O-O O-O 9. Re1 Nbd7 10. Qd2 c5 11. dxc5 Nxc5 12. Rad1 Rc8 13. Bh6 Re8 14. Bxg7 Kxg7 15. h4 h5 16. Qf4 Ne6 17. Qd2 Qb6 18. e5 Ng4 19. exd6 Qxd6 20. Be4 Qxd2 21. Rxd2 Bxe4 22. Nxe4 Rc7 23. c3 Rec8 24. Neg5 Nc5 25. Ne5 Nxe5 26. Rxe5 e6 27. Re1 Rd7 28. Rxd7 Nxd7 29. Rd1 Rc7 30. Rd6 Ra7 31. Kf1 Ne5 32. b3 Kf8 33. f4 Nd7 34. g3 Ke7 35. Rc6 a5 36. Ne4 Rb7 37. Ke2 b4 38. cxb4 axb4 39. a4 Nb8 40. Rc4 Na6 41. Nc5 Nxc5 42. Rxc5 Kd6 43. Ra5 Rc7 44. Rb5 Rc2+ 45. Kd1 Rc3 46. Rxb4 Rxg3 47. a5 Kc5 48. Rb6 Rg2 49. b4+ Kc4 50. a6 e5 51. fxe5 g5 52. a7 Ra2 53. Rb7 gxh4 54. Rxf7 h3 55. Rf1 Rxa7 56. Ke2 h2 57. Rh1 Kd4 58. Kf3 Ra3+ 59. Kg2 Ra2+ 60. Kg3 Kxe5 61. Rxh2 Ra3+ 62. Kg2 Ra2+ 63. Kg3 Rxh2 64. Kxh2 Kd4 65. Kh3 Kc4 66. b5 Kxb5 67. Kh4 Ka4 68. Kxh5 1/2-1/2


[Site "https://www.chess.com"]

[Event "Titled Tuesday Blitz May 30 Late 2023"]
[White "Ibarra Jerez, Jose Carlos"]
[Black "Novik, Maxim"]
[WhiteFideId "2226332"]
[BlackFideId "4102924"]
[WhiteElo "2638"]
[BlackElo "2287"]
[Result "1-0"]
[Round "02"]
[TimeControl "180+2"]
[Date "2023.05.31"]
[WhiteClock "0:02:01"]
[BlackClock "0:00:19"]

1. e4 c6 2. Nf3 d5 3. d3 Nd7 4. Qe2 g6 5. g3 Bg7 6. Bg2 e5 7. O-O Ne7 8. h4 h6 9. a4 Qc7 10. b3 Nf6 11. exd5 Nfxd5 12. Bb2 O-O 13. Bxe5 Bxe5 14. Qxe5 Qxe5 15. Nxe5 Be6 16. Re1 Rad8 17. Na3 Nf5 18. Nxg6 fxg6 19. Rxe6 Kf7 20. Rae1 Nde3 21. R6xe3 1-0


[Site "https://www.chess.com"]

[Event "Titled Tuesday Blitz May 30 Late 2023"]
[White "Omelja, Artem"]
[Black "Moroni, Luca Jr"]
[WhiteFideId "14119846"]
[BlackFideId "865834"]
[WhiteElo "2404"]
[BlackElo "2569"]
[Result "0-1"]
[Round "02"]
[TimeControl "180+2"]
[Date "2023.05.31"]
[WhiteClock "0:00:01"]
[BlackClock "0:00:11"]

1. e4 g6 2. Nf3 Bg7 3. d4 d6 4. Nc3 Nf6 5. h3 O-O 6. Be3 d5 7. e5 Ne4 8. Nxe4 dxe4 9. Nd2 c5 10. c3 cxd4 11. cxd4 Nc6 12. Nxe4 Bf5 13. Nc3 Nb4 14. Rc1 Qa5 15. g4 Be6 16. Bg2 Nxa2 17. Ra1 Nxc3 18. Rxa5 Nxd1 19. Kxd1 Rfd8 20. Kd2 b6 21. Ra4 Bd5 22. Bxd5 Rxd5 23. f4 e6 24. Rha1 a5 25. b4 Bf8 26. Kd3 Be7 27. Ke4 f5+ 28. exf6 Bxf6 29. bxa5 bxa5 30. Bd2 Bd8 31. Rb1 Rc8 32. Rb7 Rc2 33. Kd3 Rc7 34. Rb8 Kf7 35. Bxa5 Ra7 36. f5 gxf5 37. gxf5 Bxa5 38. fxe6+ Kxe6 39. Ke4 Rh5 40. d5+ Kd7 41. Ra2 Rh4+ 42. Kf5 Rh5+ 43. Ke4 Kc7 44. Rf8 Kd6 45. Rf6+ Kc5 46. Rc6+ Kb5 47. Rb2+ Bb4 48. Rc8 Re7+ 49. Kf4 Rh4+ 50. Kg5 Rd4 51. d6 Rd7 52. Rb8+ Kc5 53. Rc8+ Kxd6 54. Rf8 Bd2+ 55. Kh5 Ke7 56. Rf3 R7d5+ 57. Rf5 Rxf5# 0-1


[Site "https://www.chess.com"]

[Event "Titled Tuesday Blitz May 30 Late 2023"]
[White "Terry, Renato"]
[Black "Shuvalov, Evgenij"]
[WhiteFideId "3803457"]
[BlackFideId "4187237"]
[WhiteElo "2575"]
[BlackElo "2080"]
[Result "1-0"]
[Round "02"]
[TimeControl "180+2"]
[Date "2023.05.31"]
[WhiteClock "0:01:50"]
[BlackClock "0:01:49"]

1. e4 e6 2. d4 d5 3. exd5 exd5 4. Nf3 Nf6 5. Bd3 c5 6. O-O c4 7. Be2 Be7 8. b3 cxb3 9. axb3 Nc6 10. c4 O-O 11. Nc3 Bg4 12. Be3 Bb4 13. Rc1 Ba3 14. Rc2 Bf5 15. Ra2 Bb4 16. Qa1 h6 17. Nxd5 Nxd5 18. cxd5 Qxd5 19. Bc4 Qd8 20. d5 Ne7 21. Rxa7 Rxa7 22. Qxa7 Nxd5 23. Rd1 Be6 24. Qxb7 Qa8 25. Bxd5 Bxd5 26. Qxd5 1-0


[Site "https://www.chess.com"]

[Event "Titled Tuesday Blitz May 30 Late 2023"]
[White "Marra, Eduardo da Costa"]
[Black "Xiong, Jeffery"]
[WhiteFideId "2106990"]
[BlackFideId "2047640"]
[WhiteElo "2252"]
[BlackElo "2726"]
[Result "0-1"]
[Round "02"]
[TimeControl "180+2"]
[Date "2023.05.31"]
[WhiteClock "0:00:04"]
[BlackClock "0:00:46"]

1. d4 d5 2. Nc3 Nf6 3. Bf4 e6 4. Nb5 Na6 5. e3 Be7 6. Nf3 O-O 7. Ne5 Ne4 8. Bd3 f6 9. Nf3 c6 10. Nc3 Nxc3 11. bxc3 c5 12. O-O c4 13. Be2 Bd7 14. a4 Qa5 15. Qd2 Bxa4 16. h4 b5 17. h5 Qd8 18. Nh2 Bd6 19. e4 dxe4 20. f3 exf3 21. Bxf3 Rb8 22. Rfe1 Nc7 23. h6 g5 24. Bxd6 Qxd6 25. Ng4 Kh8 26. Re2 Rbd8 27. Rae1 b4 28. d5 bxc3 29. Qxc3 e5 30. Rd2 Qc5+ 31. Kh1 Nxd5 32. Qa1 Bc6 33. Red1 c3 34. Rd3 Rd7 35. Ne3 Rfd8 36. Nxd5 Bxd5 37. Rxc3 Qf8 38. Bxd5 Rxd5 39. Rxd5 Rxd5 40. Rh3 g4 41. Rh5 Qf7 42. Rh4 f5 43. Qc3 Qf6 44. Rh5 Rd8 45. Kh2 Re8 46. Qc7 f4 47. Qxa7 g3+ 48. Kh1 Rd8 49. Qg1 Qd6 50. Rf5 Kg8 51. Rg5+ Kf7 52. Qf1 Qxh6+ 0-1


[Site "https://www.chess.com"]

[Event "Titled Tuesday Blitz May 30 Late 2023"]
[White "Zhigalko, Sergei"]
[Black "Keleberda, Tymur"]
[WhiteFideId "13502956"]
[BlackFideId "14174294"]
[WhiteElo "2626"]
[BlackElo "2198"]
[Result "1-0"]
[Round "02"]
[TimeControl "180+2"]
[Date "2023.05.31"]
[WhiteClock "0:00:02"]
[BlackClock "0:00:02"]

1. e4 c5 2. Nf3 d6 3. d4 cxd4 4. Qxd4 Nf6 5. Nc3 a6 6. Bc4 Nc6 7. Qd3 b5 8. Bb3 Bb7 9. Bf4 e6 10. O-O-O Qb6 11. Rhf1 Rd8 12. Kb1 Be7 13. Be3 Qc7 14. Bg5 h6 15. Bh4 Ng4 16. Bxe7 Qxe7 17. Qe2 Nge5 18. Nd4 Nxd4 19. Rxd4 Qh4 20. f4 Nc6 21. Rdd1 O-O 22. g3 Qh3 23. g4 b4 24. Na4 e5 25. Rd3 Qh4 26. Bd5 Ba8 27. Qd2 exf4 28. Rxf4 Ne5 29. Rg3 Bxd5 30. exd5 Rb8 31. b3 Qg5 32. Qf2 Rfe8 33. Nb2 Re7 34. Rf5 Qg6 35. h3 Nd7 36. Rg1 Ne5 37. Qg2 Rb5 38. Rgf1 Rc5 39. Na4 Rb5 40. Qe4 Rc7 41. Qd4 Kh7 42. R1f4 Kg8 43. Qe4 Kh7 44. h4 Kg8 45. h5 Qh7 46. Kb2 Qh8 47. Qd4 Kh7 48. Qe4 Kg8 49. Rf1 f6 50. R5f4 Qh7 51. Rf5 Kh8 52. a3 Qg8 53. axb4 Qxd5 54. Qxd5 Rxd5 55. R1f2 Rb5 56. Ka3 Rc6 57. c4 Rb7 58. Rd2 Rxc4 59. Rxe5 Rcxb4 60. Re8+ Kh7 61. Rd3 Rxg4 62. Nb2 d5 63. Rxd5 Rg3 64. Nd3 Rg5 65. Rd4 Ra5+ 66. Kb2 Rab5 67. Kc2 Rxh5 68. Rdd8 Rhb5 69. Nf4 1-0


[Site "https://www.chess.com"]

[Event "Titled Tuesday Blitz May 30 Late 2023"]
[White "Eugene, Floryan"]
[Black "Grigoriants, Sergey"]
[WhiteFideId "20694784"]
[BlackFideId "4130804"]
[WhiteElo "2369"]
[BlackElo "2502"]
[Result "0-1"]
[Round "02"]
[TimeControl "180+2"]
[Date "2023.05.31"]
[WhiteClock "0:00:01"]
[BlackClock "0:00:07"]

1. d4 Nf6 2. c4 g6 3. Nf3 Bg7 4. Nc3 d5 5. Bg5 Ne4 6. Bh4 Nxc3 7. bxc3 dxc4 8. e3 b5 9. Qb1 c6 10. Be2 Nd7 11. a4 a6 12. O-O O-O 13. Qe4 Bb7 14. Qxe7 Qxe7 15. Bxe7 Rfe8 16. Bh4 Nb6 17. Nd2 c5 18. Rfb1 cxd4 19. cxd4 Bxd4 20. Ra2 Bc6 21. Bxc4 bxc4 22. exd4 Nxa4 23. Rc2 c3 24. f3 cxd2 25. Rxc6 Rac8 26. d5 Rxc6 27. dxc6 Nc3 28. Ra1 Rc8 29. Bd8 Rxc6 30. Bc7 Rxc7 0-1


[Site "https://www.chess.com"]

[Event "Titled Tuesday Blitz May 30 Late 2023"]
[White "Durarbayli, Vasif"]
[Black "Ismagilov, Damir"]
[WhiteFideId "13402935"]
[BlackFideId "34199982"]
[WhiteElo "2551"]
[BlackElo "2143"]
[Result "1-0"]
[Round "02"]
[TimeControl "180+2"]
[Date "2023.05.31"]
[WhiteClock "0:00:07"]
[BlackClock "0:00:03"]

1. e4 c5 2. Nf3 a6 3. g3 b5 4. Bg2 Bb7 5. Qe2 e6 6. O-O Nc6 7. c3 Nf6 8. e5 Nd5 9. d4 d6 10. Nbd2 cxd4 11. cxd4 dxe5 12. dxe5 Be7 13. Ne4 O-O 14. Bg5 Bxg5 15. Nexg5 h6 16. Ne4 Qe7 17. Rac1 Rfd8 18. Rfd1 Rac8 19. Nd6 Rb8 20. Kh1 Ba8 21. Ne4 Nc7 22. Rd6 Na5 23. b3 Bxe4 24. Rxd8+ Qxd8 25. Qxe4 Nd5 26. h4 Rc8 27. Rd1 Nb7 28. Qd4 Qa5 29. Rd2 Rd8 30. Qa7 Rd7 31. Qa8+ Nd8 32. Rc2 Kh7 33. Kh2 Nb6 34. Qe4+ Kg8 35. Bf1 Nd5 36. Bd3 f5 37. exf6 Nxf6 38. Qg6 Qb6 39. Ne5 Re7 40. Rc8 Qd6 41. f4 Qd4 42. Kh3 Qd6 43. h5 Qd4 44. Nc6 Qg1 45. Rxd8+ Ne8 46. Rxe8+ Rxe8 47. Qxe8# 1-0


[Site "https://www.chess.com"]

[Event "Titled Tuesday Blitz May 30 Late 2023"]
[White "Martic, Ivan"]
[Black "Sanal, Vahap"]
[WhiteFideId "929301"]
[BlackFideId "6300545"]
[WhiteElo "2360"]
[BlackElo "2606"]
[Result "0-1"]
[Round "02"]
[TimeControl "180+2"]
[Date "2023.05.31"]
[WhiteClock "0:00:03"]
[BlackClock "0:00:24"]

1. d4 d6 2. c4 e5 3. d5 a5 4. Nc3 Na6 5. e4 Nc5 6. Be3 h5 7. Nf3 g6 8. Bg5 f6 9. Be3 Bh6 10. Bxh6 Nxh6 11. Nd2 O-O 12. Nb3 b6 13. Nxc5 bxc5 14. Bd3 f5 15. Qd2 f4 16. g3 Bg4 17. h3 Bf3 18. Rg1 Kh7 19. Be2 Bxe2 20. Qxe2 Qd7 21. gxf4 Rxf4 22. O-O-O Raf8 23. Rg2 Qxh3 24. Rdg1 Ng4 25. Rg3 Qh4 26. f3 Nh2 27. Rxg6 Nxf3 28. Rg7+ Kh8 29. Qg2 Rg4 30. Rxg4 Qxg4 31. Qxg4 hxg4 32. Rxg4 Nd4 33. Nb5 Rf1+ 34. Kd2 Rf2+ 35. Kc1 Rc2+ 36. Kb1 Re2 37. a4 Nxb5 38. axb5 Kh7 39. Ka2 Re3 40. b3 Rf3 41. Ka3 Rf4 42. Rg2 Rxe4 43. Ka4 Re1 44. Ra2 Rf1 45. Kxa5 Rf8 46. b6 Ra8+ 47. Kb5 Rxa2 48. b7 Ra3 49. b4 Rb3 50. Kc6 Rxb4 51. Kxc7 e4 52. Kxd6 e3 53. Kxc5 Rxb7 54. Kd4 e2 55. c5 e1=Q 0-1


[Site "https://www.chess.com"]

[Event "Titled Tuesday Blitz May 30 Late 2023"]
[White "Bayo Milagro, Alvaro"]
[Black "Rustemov, Alexander"]
[WhiteFideId "22275240"]
[BlackFideId "4119002"]
[WhiteElo "2270"]
[BlackElo "2866"]
[Result "0-1"]
[Round "02"]
[TimeControl "180+2"]
[Date "2023.05.31"]
[WhiteClock "0:00:01"]
[BlackClock "0:01:04"]

1. Nf3 d5 2. c4 c6 3. cxd5 cxd5 4. d4 Nf6 5. Nc3 Nc6 6. Bf4 a6 7. Rc1 Bf5 8. e3 Rc8 9. Be2 e6 10. O-O Be7 11. h3 O-O 12. Nh4 Be4 13. f3 Bg6 14. Nxg6 hxg6 15. Na4 Nh5 16. Bh2 Bd6 17. Bxd6 Qxd6 18. f4 Ng3 19. Re1 Rc7 20. Bd3 Ne7 21. Rxc7 Qxc7 22. Kh2 Ngf5 23. Bxf5 Nxf5 24. Nc5 b6 25. Nxa6 Qc4 26. Qe2 Nxe3 27. Qxe3 Qxa6 28. a3 Qb5 29. b4 Qa4 30. Rc1 b5 31. Rc5 Ra8 32. Qg3 Qd1 33. Qc3 Qf1 34. Kg3 Kh7 35. Rc8 Rxc8 36. Qxc8 Qd3+ 37. Kh2 Qxd4 38. Qc7 Qf6 39. Kg3 g5 40. fxg5 Qxg5+ 41. Kh2 f6 42. Qc2+ Kh6 43. Qc8 Qe5+ 44. Kg1 d4 45. Qh8+ Kg6 46. Qe8+ Kh7 47. Qd7 Qe3+ 48. Kh2 d3 49. Qxb5 Qe5+ 50. Qxe5 fxe5 0-1


[Site "https://www.chess.com"]